Map: Ley Lines

Players

pump

  • Race: Terran Terran
  • League: Diamond
  • Spawn Location: 7:00

A.I. 1 (Very Easy) - Winner!

  • Race: Protoss Protoss
  • Spawn Location: 1:00

VOD

https://www.youtube.com/live/sYeuN7IKgP0?si=vgxrSNhtJXO4uXfp&t=5126

Description

In April when I created this build, I sent it to all of my friends and coaches.

Moja played it in April ( https://lotv.spawningtool.com/replays/?tag=3930 )
Inexorable played it in April ( https://lotv.spawningtool.com/replays/?tag=3930 )
Vindicta played it in April ( https://lotv.spawningtool.com/replays/?tag=3930 )

Teardrop played it in April
HeroMarine?

Time

  • Played on: April 3, 2025, 1:46 p.m.
  • Length: 7:32
Show
View Real Time Build Order
Export as new Build Order

pump Terran 

Build Orders: Cyclone Opening, Gas First Reaper Expand 

Get SALT Encoding   

  6  0:01  SCV  
  13  0:13  SCV  
  14  0:16  Supply Depot  
  14  0:25  SCV  
  14  0:27  Refinery  
  15  0:38  SCV  
  16  0:44  Barracks  
  16  0:50  SCV  
  17  1:02  SCV  
  18  1:14  SCV  
  19  1:31  Reaper, Orbital Command  
  20  1:42  Command Center  
  20  1:53  Factory  
  20  1:57  SCV  
  21  2:03  Refinery  
  21  2:08  Barracks Tech Lab  
  21  2:09  SCV  
  21  2:15  Supply Depot  
  22  2:21  SCV  
  24  2:37  SCV  
  24  2:39  Armory  
  24  2:42  Cyclone  
  27  2:49  SCV  
  28  2:53  Orbital Command  
  28  2:57  Barracks Reactor  
  28  3:01  SCV  
  29  3:08  Starport  
  29  3:13  SCV  
  29  3:15  Orbital Command  
  29  3:19  Widow Mine  
  32  3:25  SCV, Drilling Claws  
  33  3:28  Supply Depot  
  33  3:33  Marine  
  33  3:34  Marine  
  35  3:41  SCV x2  
  37  3:42  Widow Mine  
  39  3:49  Medivac  
  39  3:50  Supply Depot  
  39  3:53  SCV x2  
  39  3:54  Marine  
  39  3:55  Marine  
  45  4:03  Widow Mine  
  45  4:05  SCV x2  
  49  4:11  Marine  
  49  4:12  Supply Depot  
  49  4:13  Marine  
  51  4:18  SCV x2  
  53  4:24  Siege Tank  
  53  4:27  Bunker  
  53  4:29  Marine  
  53  4:30  SCV x2  
  53  4:31  Marine  
  59  4:34  Supply Depot  
  60  4:44  SCV, Barracks  
  61  4:46  SCV, Barracks  
  61  4:48  Marine  
  61  4:49  Marine  
  64  4:53  Starport Tech Lab  
  64  4:56  SCV  
  64  4:57  Siege Tank  
  64  4:58  SCV  
  69  5:01  Supply Depot  
  69  5:07  Marine x2  
  69  5:10  SCV x2  
  73  5:22  SCV x2  
  73  5:23  Refinery  
  73  5:24  Engineering Bay  
  73  5:25  Starport Reactor, Supply Depot  
  73  5:26  Marine x2  
  77  5:38  Command Center  
  77  5:41  Factory Reactor  
  77  5:42  Stimpack, Combat Shield  
  77  5:44  SCV  
  77  5:47  SCV  
  79  5:51  Supply Depot  
  79  5:53  Marine x2  
  79  5:56  Refinery  
  81  5:58  Marine x2  
  81  6:00  SCV  
  81  6:01  SCV  
  85  6:07  Supply Depot  
  85  6:13  SCV  
  85  6:14  SCV  
  85  6:18  Barracks x2  
  87  6:19  Supply Depot  
  87  6:23  Medivac x2  
  91  6:27  Widow Mine  
  91  6:29  Widow Mine  
  91  6:31  SCV x2  
  97  6:34  Supply Depot  
  97  6:36  Marine x2  
  101  6:40  Marauder  
  101  6:43  Marauder  
  103  6:49  Widow Mine  
  103  6:50  Widow Mine  
  103  6:53  Orbital Command  
  107  6:57  Marine x2  
  111  7:01  Marauder  
  111  7:04  Marauder  
  111  7:06  Supply Depot, Barracks Tech Lab  
  111  7:07  Barracks Reactor  
  117  7:21  Supply Depot  
Show
View Real Time Build Order
Export as new Build Order

A.I. 1 (Very Easy) Protoss - Winner!

Build Orders:  

Get SALT Encoding   

  6  0:00  Probe  
  13  0:13  Probe  
  14  0:19  Pylon  
  14  0:37  Assimilator  
  14  0:42  Gateway  
  14  0:45  Pylon  
  14  1:12  Assimilator  
  14  1:22  Probe  
  14  1:23  Zealot  
  14  1:30  Probe  
  14  1:31  Cybernetics Core  
  18  1:40  Probe  
  19  1:52  Probe  
  20  1:58  Warp Gate  
  20  2:01  Probe  
  21  2:09  Probe  
  22  2:37  Stalker  
  24  5:05  Probe  
  24  5:13  Probe  
  18  5:21  Probe  
  20  5:31  Probe  
  14  5:43  Probe  
  15  5:55  Probe  
  15  6:07  Probe  
  7  6:16  Probe  
  7  6:24  Probe  
  9  6:33  Probe  
  5  6:46  Probe  
  6  6:58  Probe  
  7  7:03  Adept  
  7  7:06  Pylon  
  8  7:10  Probe  
  8  7:19  Probe  
Tags
 
Add a new tag
Caveats
  • Supply blocks, unpowered buildings, or Contaminate may cause inaccurate times.
  • Supply counts are checked every 10 seconds.